 Dungeon Crawl Stone Soup version 0.27-a0-1278-g6cbc8dfb29 (webtiles) character file.

Game seed: 14295537407622231170

137 porpoise the Skirmisher (level 5, -3/43 HPs)
             Began as a Demonspawn Fighter on June 12, 2021.
             Slain by Grinder (6 damage)
             ... on level 3 of the Dungeon.
             The game lasted 00:05:44 (2431 turns).

porpoise the Skirmisher (Demonspawn Fighter)        Turns: 2431, Time: 00:05:45

Health: -3/43      AC:  6    Str: 17    XL:     5   Next: 0%
Magic:  5/5        EV:  6    Int:  9    God:
Gold:   29         SH:  9    Dex: 15    Spells: 4/4 levels left

rFire    . . .     SeeInvis .   a - +0 trident
rCold    . . .     Faith    .   c - +0 kite shield
rNeg     . . .     Spirit   .   b - +0 scale mail
rPois    .         Reflect  .   (no helmet)
rElec    .         Harm     .   (no cloak)
rCorr    .         Rampage  .   (no gloves)
Will     .....                  (no boots)
Stlth    +.........             (no amulet)
HPRegen  0.14/turn              (no ring)
MPRegen  0.09/turn              (no ring)

@: mighty
A: talons 2, thin skeletal structure 1
a: no special abilities


You were on level 3 of the Dungeon.
You visited 1 branch of the dungeon, and saw 3 of its levels.

You collected 29 gold pieces.

Inventory:

Hand Weapons
 a - a +0 trident (weapon)
Missiles
 e - 45 stones (quivered)
 f - 38 poisoned darts
 i - 7 boomerangs
 n - 34 sling bullets
 r - 21 bolts
Armour
 b - a +0 scale mail (worn)
 c - a +0 kite shield (worn)
Scrolls
 g - a scroll of blinking {unknown}
 j - a scroll of identify {unknown}
 k - 2 scrolls of fog {unknown}
 o - 3 scrolls of noise {unknown}
 p - a scroll of amnesia {unknown}
Potions
 h - 2 potions of brilliance {unknown}
 l - 2 potions of curing {unknown}
 m - a potion of mutation {unknown}
 q - 2 potions of heal wounds {unknown}


   Skills:
 + Level 4.5 Fighting
 + Level 3.5 Polearms
 - Level 2.6 Armour
 - Level 2.6 Shields


You had 4 spell levels left.
You didn't know any spells.
Your spell library contained the following spells:

 Spells                   Type           Power      Damage    Failure   Level
 Animate Skeleton         Necr           0%         N/A       100%        1
 Apportation              Tloc           0%         N/A       100%        1
 Corona                   Hex            0%         N/A       100%        1
 Summon Small Mammal      Summ           0%         N/A       100%        1


Dungeon Overview and Level Annotations

Branches:
Dungeon (3/15)

Altars:

Shops:
D:3 ?

Annotations:
D:3 Grinder


Innate Abilities, Weirdness & Mutations

You have razor-sharp toenails.
You have a somewhat thin skeletal structure. (Dex +2, Stealth+)


Message History

You block the gnoll's attack. Grinder hits you.
You writhe in agony.
The gnoll shouts!
You impale Grinder!! Your kick misses Grinder.
Grinder is severely wounded.
The bat closely misses you. The bat hits you but does no damage.
The gnoll barely misses you. The bat barely misses you.
You block Grinder's attack.
You closely miss Grinder.
Grinder is severely wounded.
The bat hits you. You block the bat's attack. The bat barely misses you.
You block the gnoll's attack. You block the bat's attack.
The gnoll hits you from afar with a +0 spear.
Grinder hits you.
You writhe in agony.
The gnoll hits you with a +0 flail!
* * * LOW HITPOINT WARNING * * *
You barely miss Grinder. Your kick misses Grinder.
Grinder is severely wounded.
The bat closely misses you. The bat hits you but does no damage.
The gnoll hits you from afar with a +0 spear.
* * * LOW HITPOINT WARNING * * *
Grinder hits you but does no damage. The bat hits you but does no damage.
The gnoll barely misses you.
A rat comes into view.
The gnoll hits you from afar with a +0 spear.
* * * LOW HITPOINT WARNING * * *
Grinder barely misses you.
You barely miss Grinder.
Grinder is severely wounded.
The bat barely misses you. x2; The gnoll hits you but does no damage.
The bat completely misses you. The bat hits you but does no damage.
You block the gnoll's attack. You block Grinder's attack.
The gnoll barely misses you.
Unknown command.
You puncture Grinder!
Grinder is almost dead.
The bat closely misses you. The bat barely misses you. x2
The gnoll barely misses you. The gnoll hits you but does no damage.
Grinder hits you.
* * * LOW HITPOINT WARNING * * *
You writhe in agony.
You die...

..#.........#
#...........#
#..........#
#..........#
..#.###)....# .#
#.........#####.#
#..............#..# .
###.......$b##...###..
.........b@g....... .
##........g5g..(..#...
##...<.....g.........
#...∩.......<.......
..................
.........r......[.
..#..#....>.......
.###.#...(........
##.....§.....


You could see Grinder, 4 gnolls, 2 bats and a rat.

Vanquished Creatures
  An orc priest (D:3)
  3 adders (D:2)
  A worm (D:2)
  2 dart slugs
  7 orcs
  6 endoplasms
  2 giant cockroaches
  5 goblins
  5 hobgoblins
  2 jackals (D:2)
  4 kobolds
  2 quokkas
  9 ball pythons
  6 bats
  5 frilled lizards
  4 rats
64 creatures vanquished.

Notes
Turn   | Place    | Note
-------+----------+-------------------------------------------
     0 | D:1      | porpoise the Demonspawn Fighter began the quest for the
                  | Orb.
     0 | D:1      | Reached XP level 1. HP: 18/18 MP: 1/1
   150 | D:1      | Gained mutation: You have sharp toenails. [demonic
                  | ancestry]
   150 | D:1      | Reached XP level 2. HP: 19/24 MP: 2/2
   796 | D:1      | Found a faded altar of an unknown god.
  1159 | D:1      | Gained mutation: You have razor-sharp toenails. [demonic
                  | ancestry]
  1159 | D:1      | Reached XP level 3. HP: 29/29 MP: 3/3
  1581 | D:2      | Reached skill level 4 in Fighting
  1661 | D:2      | Reached XP level 4. HP: 22/37 MP: 4/4
  2296 | D:3      | Noticed Grinder
  2369 | D:3      | Found Miss's Magic Scroll Boutique.
  2400 | D:3      | Gained mutation: You have a somewhat thin skeletal
                  | structure. (Dex +2, Stealth+) [demonic ancestry]
  2400 | D:3      | Reached XP level 5. HP: 41/43 MP: 5/5
  2431 | D:3      | Slain by Grinder

Illustrated notes

Levels and vault maps discovered:
D:1:      elethiomel_arrival_maze, layout_basic,
          shapermc_ecumenical_altar_totnotflames, serial_bayou_pond_a,
          minmay_shallow_snake_nest
D:2:      layout_loops_cross
D:3:      layout_rooms, overflow_temple_1_default, serial_shops, shop,
          uniq_grinder, uniq_ijyb

Skill      XL: |  1  2  3 |
---------------+----------+-----
Polearms       | 2 3 |  3.5
Fighting       | 4 |  4.5
Armour         | |  2.6
Shields        | |  2.6

Action                   |  1- 3 |  4- 6 || total
-------------------------+-------+-------++-------
Melee: Trident           |   102 |    73 ||   175
       Kick              |    16 |    15 ||    31
  Use: Potion            |       |     1 ||     1
Armor: Scale mail        |    40 |    22 ||    62
Dodge: Dodged            |    25 |    28 ||    53
Block: Kite shield       |    38 |    35 ||    73

Table legend: (Time is in decaauts)
 A = Elapsed time spent in this place.
 B = Non-inter-level travel time spent in this place.
 C = Inter-level travel time spent in this place.
 D = Time resting spent in this place.
 E = Time spent auto-exploring this place.
 F = Levels seen in this place.
 G = Mean time per level.
                   A        B        C        D        E       F      G
               +--------+--------+--------+--------+--------+-----+--------+
         Total |   2503 |   2415 |     88 |    475 |   1532 |   3 |  834.3 |
       Dungeon |   2503 |   2415 |     88 |    475 |   1532 |   3 |  834.3 |
               +--------+--------+--------+--------+--------+-----+--------+

Top non-repeatable levels by time:
     D:1: 1398 daAuts
     D:2: 991 daAuts
     D:3: 113 daAuts
